 Dungeon Sprint DCSS version 0.27-a0-1256-gced786f65e (webtiles) character file.

Game seed: 4513525281087821142

2037 rocky1 the Peltast (level 9, 0/70 HPs)
             Began as a Minotaur Fighter on June 11, 2021.
             Was a Priest of Qazlal.
             Slain by Erolcha
             ... wielding a +2 spectral giant club
              (19 damage)
             ... in the Dungeon (Sprint III: "The Ten Rune Challenge").
             The game lasted 00:04:42 (1153 turns).

rocky1 the Peltast (Minotaur Fighter)               Turns: 1153, Time: 00:04:42

Health: 0/70       AC:  6    Str: 22    XL:     9   Next: 4%
Magic:  12/14      EV:  9    Int:  5    God:    Qazlal [***...]
Gold:   32         SH: 18    Dex: 12    Spells: 8/8 levels left

rFire    . . .     SeeInvis .   d - +2 long sword (holy)
rCold    . . .     Faith    .   c - +0 kite shield
rNeg     . . .     Spirit   .   b - +0 scale mail
rPois    .         Reflect  .   (helmet restricted)
rElec    .         Harm     .   (no cloak)
rCorr    .         Rampage  .   (no gloves)
Will     .....     NoTele   +   (no boots)
Stlth    ..........             (no amulet)
HPRegen  0.21/turn              (no ring)
MPRegen  0.14/turn              (no ring)

@: hasted, very quick
A: horns 2, retaliatory headbutt
a: Renounce Religion, Upheaval, Elemental Force


You were in the Dungeon.
You worshipped Qazlal.
Qazlal was most pleased with you.
You visited 1 branch You collected 32 gold pieces.

Inventory:

Hand Weapons
 a - a +0 long sword
 d - a +2 long sword of holy wrath (weapon)
Armour
 b - a +0 scale mail (worn)
 c - a +0 kite shield (worn)
Scrolls
 j - a scroll of blinking
 k - a scroll of fog
 m - a scroll of torment {unknown}
 p - a scroll of immolation {unknown}
Potions
 e - 3 potions of curing
 h - 2 potions of magic
 l - 3 potions of mutation
 o - a potion of brilliance
 q - 2 potions of flight
Miscellaneous
 i - a phial of floods


   Skills:
 - Level 3.6 Fighting
 + Level 15.1 Long Blades
 - Level 3.6 Armour
 + Level 15.3 Shields
 + Level 8.3 Invocations


You had 8 spell levels left.
You didn't know any spells.
Your spell library contained the following spells:

 Spells                   Type           Power      Damage    Failure   Level
 Confusing Touch          Hex            0%         N/A       99%         3
 Gell's Gravitas          Tloc           0%         N/A       99%         3
 Petrify                  Tmut/Erth      0%         N/A       100%        4
 Metabolic Englaciation   Hex/Ice        0%         N/A       100%        5
 Yara's Violent Unravell  Hex/Tmut       0%         3d3       100%        5


Dungeon Overview and Level Annotations

Branches:
Dungeon (1/1)

Altars:
Cheibriados
Dithmenos
Elyvilon
Fedhas
Gozag
Hepliaklqana
Kikubaaqudgha
Makhleb
Nemelex Xobeh
Okawaru
Qazlal
Ru
Sif Muna
Trog
Uskayaw
Vehumet
Wu Jian
Xom
Yredelemnul
Zin
The Shining One
Beogh
Jiyva
Lugonu

Annotations:
D Erolcha


Innate Abilities, Weirdness & Mutations

You have a pair of horns on your head.
You reflexively headbutt those who attack you in melee.


Message History

Erolcha blinks!
The two-headed ogre closely misses you. You furiously retaliate!
You headbutt the two-headed ogre.
The two-headed ogre hits you but does no damage.
You slash the two-headed ogre!
The two-headed ogre is heavily wounded.
Unknown command.
You slash the two-headed ogre!
The two-headed ogre is severely wounded.
The two-headed ogre closely misses you. You block the two-headed ogre's attack.
You slash the two-headed ogre!
The two-headed ogre is almost dead.
Erolcha screams, "DIE!"
You barely miss the two-headed ogre.
The two-headed ogre is almost dead.
You hit the two-headed ogre but do no damage.
The two-headed ogre is almost dead.
The two-headed ogre hits you with a +0 giant club.
* * * LOW HITPOINT WARNING * * *
You block the two-headed ogre's attack.
Erolcha gestures wildly while chanting.
Erolcha flickers and vanishes!
Deactivating autopickup; reactivate with Ctrl-A.
You barely miss the two-headed ogre.
The two-headed ogre is almost dead.
You hit the two-headed ogre. You headbutt the two-headed ogre.
The two-headed ogre is almost dead.
You hit the two-headed ogre.
You kill the two-headed ogre!
Qazlal accepts your kill.
Your Long Blades skill increases to level 15!
Your Invocations skill increases to level 8!
You have reached level 9!
Your experience leads to an increase in your attributes!
Increase (S)trength, (I)ntelligence, or (D)exterity?
You feel stronger.
You miss something.
You hear some strange, mumbled words.
You barely miss something. You headbutt something. You miss something.
You headbutt something. Something hits you!!
You die...

##### _#__# .#._#
##)## ....# ....#
###'#
#...#+##############
#...#....#.#.#..@..#
#...##.#..#.##.###)#
#...'##)#.#.##)# .##
'...#...#..#..##..
▓▓▓▓▓▓▓▓▓▓▓▓▓▓▓▓▓▓


There were no monsters in sight!

Vanquished Creatures
  A deep elf pyromancer (D)
  A shadow (D)
  A spatial vortex (D)
  A necrophage (D)
  5 two-headed ogres (D)
  A water elemental (D)
  A scorpion (D)
  A jelly (D)
  Jessica (D)
  A wizard (D)
  A necromancer (D)
  A kobold demonologist (D)
  3 humans (D)
  3 rats (D)
22 creatures vanquished.

Notes
Turn   | Place    | Note
-------+----------+-------------------------------------------
     0 | D        | rocky1 the Minotaur Fighter began the quest for the Orb.
     0 | D        | Reached XP level 1. HP: 19/19 MP: 0/0
    37 | D        | Noticed Jessica
    42 | D        | Killed Jessica
    43 | D        | Reached skill level 5 in Long Blades
    43 | D        | Reached XP level 2. HP: 7/26 MP: 1/1
   296 | D        | Reached XP level 3. HP: 23/31 MP: 2/2
   370 | D        | Noticed a scorpion
   378 | D        | Killed a scorpion
   379 | D        | Reached XP level 4. HP: 29/39 MP: 3/3
   474 | D        | Noticed a water elemental
   482 | D        | Killed a water elemental
   483 | D        | Reached XP level 5. HP: 35/45 MP: 4/4
   633 | D        | Reached skill level 10 in Shields
   662 | D        | Noticed a shadow
   669 | D        | Killed a shadow
   670 | D        | Reached XP level 6. HP: 36/51 MP: 5/5
   759 | D        | Found a blossoming altar of Fedhas.
   759 | D        | Found a stormy altar of Qazlal.
   759 | D        | Found a snail-covered altar of Cheibriados.
   759 | D        | Found a burning altar of Makhleb.
   759 | D        | Found a shimmering altar of Xom.
   759 | D        | Noticed a spatial vortex
   760 | D        | Found a hazy altar of Hepliaklqana.
   760 | D        | Found an opulent altar of Gozag.
   760 | D        | Found a sparkling altar of Nemelex Xobeh.
   760 | D        | Found a corrupted altar of Lugonu.
   760 | D        | Found a viscous altar of Jiyva.
   763 | D        | Became a worshipper of Qazlal Stormbringer
   771 | D        | Killed a spatial vortex
   876 | D        | Found a basalt altar of Yredelemnul.
   876 | D        | Found a shadowy altar of Dithmenos.
   876 | D        | Found a sacrificial altar of Ru.
   885 | D        | Reached XP level 7. HP: 55/57 MP: 5/7
   887 | D        | Reached * piety under Qazlal
   930 | D        | Found a radiant altar of Vehumet.
   930 | D        | Found a shimmering blue altar of Sif Muna.
   930 | D        | Found an ancient bone altar of Kikubaaqudgha.
   945 | D        | Noticed a rust devil
  1044 | D        | Found a glowing silver altar of Zin.
  1044 | D        | Found a glowing golden altar of the Shining One.
  1044 | D        | Found a white marble altar of Elyvilon.
  1045 | D        | Noticed a deep elf pyromancer
  1049 | D        | Killed a deep elf pyromancer
  1049 | D        | Reached ** piety under Qazlal
  1050 | D        | Reached skill level 5 in Invocations
  1050 | D        | Reached XP level 8. HP: 64/64 MP: 8/11
  1058 | D        | Found a hide-covered altar of Uskayaw.
  1058 | D        | Found an iron altar of Okawaru.
  1058 | D        | Found a bloodstained altar of Trog.
  1058 | D        | Found an ornate altar of the Wu Jian Council.
  1108 | D        | Reached *** piety under Qazlal
  1116 | D        | Noticed a two-headed ogre
  1121 | D        | Killed a two-headed ogre
  1122 | D        | Reached skill level 15 in Shields
  1127 | D        | Noticed a two-headed ogre
  1127 | D        | Noticed Erolcha
  1148 | D        | Killed a two-headed ogre
  1149 | D        | Reached skill level 15 in Long Blades
  1149 | D        | Reached XP level 9. HP: 18/70 MP: 12/14
  1153 | D        | Slain by Erolcha

Illustrated notes

Levels and vault maps discovered:
D:        dungeon_sprint_mu [sprint_mu_entry_cave, sprint_mu_temple_rooms,
          sprint_mu_d1_spiders, sprint_mu_d2_genie, sprint_mu_d3_branching,
          sprint_mu_orc_legion, sprint_mu_elf_gauntlet, sprint_mu_hive_nellie,
          sprint_mu_lair_fedhas, sprint_mu_vaults_butterflies,
          sprint_mu_slime_circle, sprint_mu_shoals_kraken,
          sprint_mu_snake_twists, sprint_mu_blade_basic,
          sprint_mu_crypt_fortress, sprint_mu_tomb_spiral,
          sprint_mu_vestibule_basic, sprint_mu_gehenna_hellfire,
          sprint_mu_dis_giant, sprint_mu_tartarus_statrot,
          sprint_mu_cocytus_islands, sprint_mu_zot1]

Skill      XL: |  1  2  3  4  5  6  7  8 |
---------------+-------------------------+-----
Long Blades    | 5 6 8 9 11 12 13 15 | 15.1
Shields        | 6 8 9 11 12 13 15 | 15.3
Invocations    | 2 5 8 |  8.3
Fighting       | |  3.6
Armour         | |  3.6

Action                   |  1- 3 |  4- 6 |  7- 9 || total
-------------------------+-------+-------+-------++-------
Melee: Long sword        |    28 |    29 |    66 ||   123
       Headbutt          |     4 |     5 |    16 ||    25
  Use: Potion            |       |     1 |     4 ||     5
       Scroll            |       |       |     3 ||     3
Armor: Scale mail        |     6 |     1 |     2 ||     9
Dodge: Dodged            |     8 |     4 |     5 ||    17
Block: Kite shield       |    12 |     8 |    20 ||    40
       Rpst.: Long sword |     3 |     1 |     2 ||     6

Table legend: (Time is in decaauts)
 A = Elapsed time spent in this place.
 B = Non-inter-level travel time spent in this place.
 C = Inter-level travel time spent in this place.
 D = Time resting spent in this place.
 E = Time spent auto-exploring this place.
 F = Levels seen in this place.
 G = Mean time per level.
                   A        B        C        D        E       F      G
               +--------+--------+--------+--------+--------+-----+--------+
         Total |   1136 |   1136 |      0 |    786 |      0 |   1 | 1136.0 |
       Dungeon |   1136 |   1136 |      0 |    786 |      0 |   1 | 1136.0 |
               +--------+--------+--------+--------+--------+-----+--------+

Top non-repeatable levels by time:
       D: 1136 daAuts
